[ AOE2 MATCH · #477184890 ]
1v1 RMMalians vs Aztecs
Player's team · WIN
Rival team · LOSS
[ REPLAY ANALYSIS · EXTRACTED FROM THE RECORDED GAME ]
Feudal
10:50
Castle
14:31
Imperial
—
| APM avg | 24.3 |
| APM peak | 59 |
| eAPM avg | 11.2 |
| Villagers / military | 33 / 12 |
Focus
⚔️ 15.2% · 🌾 84.8%
Gbeto ×11 · Petard ×1
Feudal
11:33
Castle
15:13
Imperial
—
| APM avg | 56.3 |
| APM peak | 97 |
| eAPM avg | 29.3 |
| Villagers / military | 48 / 19 |
Focus
⚔️ 10.8% · 🌾 89.2%
Eagle Scout ×14 · Monk ×5
Match map
Initial resources + every placement click. Lines = walls · curves = elevation contours. ◆ gold · ⬟ stone · ● berries · ✦ relic · ◌ wall gap
Your base· ✓ Closed at 14:31 · 0t walls · 2 gate(s)
moramarlon18's base· ✓ Closed at 15:13 · 0t walls · 2 gate(s)
Smoothed initial terrain · ◌ = detected wall gap · hover for details
Inputs per minute
— tuto - - moramarlon18
Build order — tuto
81 actions detected in the replay
| 0:01 | Create | Villager (Male) |
| 0:01 | Create | Villager (Male) |
| 0:01 | Create | Villager (Male) |
| 0:03 | Build | House |
| 0:06 | Build | House |
| 0:26 | Create | Villager (Male) |
| 1:36 | Create | Villager (Male) |
| 1:50 | Create | Villager (Male) |
| 2:25 | Create | Villager (Male) |
| 2:40 | Build | Lumber Camp |
| 2:57 | Create | Villager (Male) |
| 2:59 | Build | House |
| 3:44 | Create | Villager (Male) |
| 3:44 | Create | Villager (Male) |
| 4:16 | Create | Villager (Male) |
| 4:28 | Create | Villager (Male) |
| 4:51 | Create | Villager (Male) |
| 5:35 | Create | Villager (Male) |
| 6:19 | Build | House |
| 6:23 | Create | Villager (Male) |
| 6:24 | Create | Villager (Male) |
| 6:52 | Build | Mill |
| 7:25 | Create | Villager (Male) |
| 7:25 | Create | Villager (Male) |
| 7:27 | Create | Villager (Male) |
| 7:41 | Build | Mining Camp |
| 8:12 | Research | Feudal Age |
| 8:58 | Create | Villager (Male) |
| 8:59 | Research | Loom |
| 9:40 | Build | Barracks |
| 9:50 | Build | Barracks |
| 10:50 | Age | Feudal Age |
| 10:53 | Build | Market |
| 11:08 | Build | Blacksmith |
| 11:38 | Build | Mining Camp |
| 11:51 | Research | Castle Age |
| 12:09 | Research | Stone Mining |
| 12:43 | Research | Double-Bit Axe |
| 14:31 | Age | Castle Age |
| 14:34 | Build | Farm |
| 14:44 | Build | Castle |
| 14:49 | Create | Villager (Male) |
| 14:53 | Build | Farm |
| 14:56 | Build | Farm |
| 15:01 | Build | Farm |
| 15:07 | Build | Farm |
| 15:11 | Create | Villager (Male) |
| 15:16 | Build | Farm |
| 15:19 | Build | House |
| 16:06 | Research | Squires |
| 16:07 | Create | Villager (Male) |
| 16:16 | Build | Farm |
| 16:25 | Create | Petard |
| 16:34 | Build | Mill |
| 16:41 | Build | Farm |
| 16:42 | Create | Villager (Male) |
| 16:51 | Create | Gbeto |
| 17:17 | Create | Gbeto |
| 17:27 | Create | Gbeto |
| 17:36 | Create | Gbeto |
| 17:46 | Create | Gbeto |
| 18:09 | Create | Gbeto |
| 18:10 | Create | Gbeto |
| 18:42 | Create | Villager (Male) |
| 18:43 | Create | Villager (Male) |
| 18:43 | Create | Villager (Male) |
| 18:46 | Build | Farm |
| 19:20 | Research | Arson |
| 20:56 | Create | Villager (Male) |
| 20:56 | Create | Villager (Male) |
| 20:59 | Create | Gbeto |
| 20:59 | Create | Gbeto |
| 21:00 | Create | Gbeto |
| 21:01 | Create | Villager (Male) |
| 21:01 | Create | Villager (Male) |
| 21:09 | Build | Town Center |
| 21:35 | Create | Gbeto |
| 21:40 | Build | Farm |
| 21:41 | Create | Villager (Male) |
| 21:41 | Create | Villager (Male) |
| 21:48 | Research | Forging |
Build order — moramarlon18
115 actions detected in the replay
| 0:02 | Build | House |
| 0:04 | Build | House |
| 0:05 | Create | Villager (Male) |
| 0:05 | Create | Villager (Male) |
| 0:05 | Create | Villager (Male) |
| 0:05 | Create | Villager (Male) |
| 0:06 | Create | Villager (Male) |
| 1:24 | Create | Villager (Male) |
| 1:24 | Create | Villager (Male) |
| 1:51 | Build | Lumber Camp |
| 1:56 | Build | Lumber Camp |
| 2:20 | Create | Villager (Male) |
| 2:21 | Create | Villager (Male) |
| 2:21 | Create | Villager (Male) |
| 2:34 | Create | Villager (Male) |
| 2:34 | Create | Villager (Male) |
| 2:49 | Create | Villager (Male) |
| 2:49 | Create | Villager (Male) |
| 3:26 | Create | Villager (Male) |
| 3:26 | Create | Villager (Male) |
| 3:27 | Create | Villager (Male) |
| 3:45 | Build | Mill |
| 3:46 | Create | Villager (Male) |
| 3:46 | Create | Villager (Male) |
| 4:39 | Create | Villager (Male) |
| 4:39 | Create | Villager (Male) |
| 4:39 | Create | Villager (Male) |
| 4:56 | Research | Loom |
| 4:59 | Build | House |
| 5:05 | Create | Villager (Male) |
| 5:17 | Create | Villager (Male) |
| 5:24 | Create | Villager (Male) |
| 5:52 | Create | Villager (Male) |
| 6:16 | Build | House |
| 7:18 | Create | Villager (Male) |
| 7:18 | Create | Villager (Male) |
| 7:19 | Create | Villager (Male) |
| 8:00 | Create | Villager (Male) |
| 8:00 | Create | Villager (Male) |
| 8:15 | Research | Feudal Age |
| 8:43 | Build | Mining Camp |
| 9:52 | Build | House |
| 10:24 | Build | Farm |
| 10:48 | Build | Farm |
| 11:04 | Create | Villager (Male) |
| 11:06 | Create | Villager (Male) |
| 11:33 | Age | Feudal Age |
| 11:36 | Build | Market |
| 11:45 | Build | Blacksmith |
| 11:55 | Build | Farm |
| 12:33 | Research | Castle Age |
| 12:40 | Research | Double-Bit Axe |
| 12:43 | Build | Farm |
| 12:57 | Research | Horse Collar |
| 13:22 | Research | Gold Mining |
| 13:22 | Research | Gold Mining |
| 13:38 | Build | Barracks |
| 13:43 | Create | Villager (Male) |
| 13:44 | Create | Villager (Male) |
| 14:31 | Create | Villager (Male) |
| 14:41 | Build | Farm |
| 14:44 | Create | Eagle Scout |
| 14:47 | Create | Eagle Scout |
| 14:53 | Build | House |
| 15:13 | Age | Castle Age |
| 15:15 | Research | Forging |
| 15:26 | Build | Monastery |
| 15:28 | Create | Villager (Male) |
| 15:44 | Create | Eagle Scout |
| 15:44 | Create | Eagle Scout |
| 15:45 | Create | Eagle Scout |
| 15:45 | Create | Eagle Scout |
| 15:45 | Create | Eagle Scout |
| 16:16 | Create | Monk |
| 16:25 | Create | Villager (Male) |
| 16:30 | Build | Mining Camp |
| 16:39 | Build | Stone Wall |
| 16:43 | Create | Villager (Male) |
| 16:50 | Create | Monk |
| 17:08 | Create | Villager (Male) |
| 17:12 | Build | House |
| 17:52 | Build | Town Center |
| 17:53 | Create | Villager (Male) |
| 17:54 | Create | Villager (Male) |
| 18:13 | Build | House |
| 18:18 | Build | House |
| 18:29 | Create | Villager (Male) |
| 18:31 | Create | Eagle Scout |
| 18:31 | Create | Eagle Scout |
| 18:35 | Build | House |
| 18:54 | Build | House |
| 18:59 | Build | House |
| 19:09 | Build | House |
| 19:14 | Create | Villager (Male) |
| 19:19 | Create | Villager (Male) |
| 19:30 | Build | Monastery |
| 19:47 | Build | House |
| 19:54 | Build | Lumber Camp |
| 19:58 | Create | Eagle Scout |
| 19:58 | Create | Eagle Scout |
| 20:07 | Create | Monk |
| 20:09 | Create | Monk |
| 20:33 | Build | House |
| 20:42 | Build | Palisade Wall |
| 20:43 | Build | Palisade Wall |
| 21:06 | Build | Lumber Camp |
| 22:01 | Create | Eagle Scout |
| 22:01 | Create | Eagle Scout |
| 22:02 | Create | Eagle Scout |
| 22:06 | Create | Monk |
| 22:12 | Build | House |
| 22:13 | Build | House |
| 22:33 | Create | Villager (Male) |
| 22:34 | Create | Villager (Male) |
| 22:34 | Create | Villager (Male) |
Match timeline
| 9:40 | tuto · first_building Barracks |
| 10:50 | tuto · age_up feudal |
| 11:33 | moramarlon18 · age_up feudal |
| 13:38 | moramarlon18 · first_building Barracks |
| 14:31 | tuto · age_up castle |
| 14:44 | tuto · first_building Castle |
| 15:13 | moramarlon18 · age_up castle |
| 15:26 | moramarlon18 · first_building Monastery |
| 16:11 | moramarlon18 · first_market_sell 100 wood |
| 16:39 | moramarlon18 · wall_segment Stone Wall x12 |
| 18:45 | moramarlon18 · first_market_buy 100 food |
| 20:42 | moramarlon18 · wall_segment Palisade Wall x1 |
| 20:43 | moramarlon18 · wall_segment Palisade Wall x2 |
| 22:40 | moramarlon18 · resign |
[ AI ANALYSIS · 1 CREDIT ]
What really happened in this match?
Wolo.gg analyzes every decision: build order, eco, micro, common mistakes by bracket. Personalized analysis on WhatsApp or Discord in 30 seconds.
Civ guide
Malians
Map guide
Arena
Perfil
tuto